 Dungeon Crawl Stone Soup version 0.28.0-1-gb440e238dd (webtiles) character file.

Game seed: 9732068367947523426

326 spaghetti the Poker (level 6, -4/52 HPs)
             Began as a Naga Hunter on Feb 20, 2022.
             Was a Believer of Wu Jian.
             Slain by a mummy (10 damage)
             ... in an ossuary.
             The game lasted 00:04:27 (3638 turns).

spaghetti the Poker (Naga Hunter)                   Turns: 3638, Time: 00:04:27

Health: -4/52      AC:  4    Str: 13 (16) XL:     6   Next: 49%
Magic:  6/6        EV:  9    Int: 15 (17) God:    Wu Jian [**....]
Gold:   107        SH:  0    Dex: 16 (18) Spells: 5/5 levels left

rFire   . . .      SeeInvis +   b - +4 scythe (vamp)
rCold   . . .      Faith    .   (shield currently unavailable)
rNeg    . . .      Spirit   .   c - +0 leather armour
rPois   +          Reflect  .   (no helmet)
rElec   .          Harm     .   m - +0 cloak
rCorr   .          Rampage  .   (no gloves)
Will    .....                   (no barding)
Stlth   ++........              (no amulet)
HPRegen 0.17/turn               k - +6 ring of intelligence
MPRegen 0.10/turn               q - +6 ring of dexterity

@: mighty, hasted, quick
A: AC +2, large, see invisible, deformed body, poison resistance, slowness 2,
spit poison 1, naga tail 1
a: Spit Poison, Renounce Religion, Wall Jump


You were in an ossuary.
You worshipped Wu Jian.
Wu Jian was pleased with you.
You visited 1 branch of the dungeon, and saw 4 of its levels.
You also visited: Ossuary.

You collected 107 gold pieces.

Inventory:

Hand Weapons
 a - a +2 shortbow
 b - a +4 vampiric scythe (weapon)
 e - a +2 vorpal spear
 h - a +0 short sword
Missiles
 d - 32 arrows
Armour
 c - a +0 leather armour (worn)
 m - a +0 cloak (worn)
Jewellery
 f - a ring of ice
 k - a +6 ring of intelligence (left hand)
 q - a +6 ring of dexterity (right hand)
Scrolls
 g - a scroll of teleportation
 i - 4 scrolls of identify {unknown}
 l - 2 scrolls of magic mapping {unknown}
 n - 2 scrolls of silence {unknown}


   Skills:
 - Level 2.1 Fighting
 + Level 6.2 Polearms
 - Level 3.6 Bows
 - Level 1.5 Dodging
 - Level 1.5 Stealth


You had 5 spell levels left.
You didn't know any spells.
Your spell library contained the following spells:

 Spells                   Type           Power      Damage    Failure   Level
 Scorch                   Fire           0%         2d5       45%         2
 Conjure Flame            Conj/Fire      0%         6-21      71%         3
 Ignite Poison            Fire/Tmut/Pois 0%         N/A       71%         3
 Flame Wave               Conj/Fire      0%         2d4       98%         4
 Sticky Flame             Conj/Fire      0%         2d3       98%         4
 Summon Cactus Giant      Summ           0%         N/A       100%        6


Dungeon Overview and Level Annotations

Branches:
Dungeon (4/15)            Ossuary (1/1)
 Temple: D:4-7

Altars:
Qazlal
Wu Jian


Innate Abilities, Weirdness & Mutations

Your serpentine skin is tough. (AC +2)
You have supernaturally acute eyesight. (SInv)
Armour fits poorly on your strangely shaped body.
Your system is resistant to poisons. (rPois)
You cover ground very slowly.
You can spit poison.
You have a snake-like lower body.


Message History

You barely miss the mummy.
The mummy is moderately damaged.
The mummy hits you. x2; The mummy barely misses you.
You slash the mummy!
You destroy the mummy!
The Council accepts your kill. The mummy barely misses you. The mummy hits you.
You hit the mummy but do no damage. The mummy barely misses you. x2
You barely miss the mummy. The mummy closely misses you. The mummy hits you!
The mummy barely misses you.
You are too injured to fight recklessly!
You are too injured to fight recklessly!
You are too injured to fight recklessly!
You are too injured to fight recklessly!
You are too injured to fight recklessly!
You are too injured to fight recklessly!
You are too injured to fight recklessly!
You are too injured to fight recklessly!
You are too injured to fight recklessly!
You are too injured to fight recklessly!
You are too injured to fight recklessly!
You are too injured to fight recklessly!
You are too injured to fight recklessly!
Okay, then.
Okay, then.
It was a potion of degeneration.
There was something very wrong with that liquid.
You feel weakened.
You feel dopey.
You feel clumsy. The mummy barely misses you.
It was a potion of might.
You feel very mighty all of a sudden. The mummy hits you but does no damage.
The mummy hits you!
* * * LOW HITPOINT WARNING * * *
It was a potion of haste.
You feel yourself speed up.
You aren't carrying any items that you can evoke.
Unknown command.
You spin and attack the mummy.
You hit the mummy.
The mummy is moderately damaged.
The mummy hits you!
You die...

###
#..######
##..@...#
#.MM∩.∩.+
##......#
#..######
###


You could see 2 mummies.

Vanquished Creatures
  Sigmund (D:2)
  Crazy Yiuf (D:2)
  2 mummies
  4 adders
  2 worms (D:2)
  4 dart slugs
  7 ball pythons
  5 endoplasms
  3 giant cockroaches
  3 goblins (D:3)
  6 hobgoblins
  7 jackals (D:3)
  A quokka (D:3)
  4 bats
  A frilled lizard (D:1)
  3 kobolds
  6 rats
60 creatures vanquished.

Vanquished Creatures (others)
  An endoplasm (D:3)
1 creature vanquished.

Grand Total: 61 creatures vanquished

Notes
Turn   | Place    | Note
-------+----------+-------------------------------------------
     0 | D:1      | spaghetti the Naga Hunter began the quest for the Orb.
     0 | D:1      | Reached XP level 1. HP: 19/19 MP: 1/1
    23 | D:1      | Found a faded altar of an unknown god.
    29 | D:1      | Prayed at the altar of an unknown god.
    29 | D:1      | Became a worshipper of the Wu Jian Council
    29 | D:1      | Reached * piety under Wu Jian
   395 | D:1      | Reached skill level 1 in Polearms
   441 | D:1      | Reached XP level 2. HP: 24/26 MP: 2/2
   839 | D:1      | Reached skill level 2 in Polearms
   937 | D:2      | Reached XP level 3. HP: 32/32 MP: 3/3
  1222 | D:2      | Reached skill level 3 in Polearms
  1469 | D:2      | Noticed Sigmund
  2031 | D:2      | Reached ** piety under Wu Jian
  2039 | D:2      | Killed Sigmund
  2040 | D:2      | Reached skill level 5 in Polearms
  2040 | D:2      | Reached XP level 4. HP: 7/39 MP: 4/4
  2040 | D:2      | Reached XP level 5. HP: 8/45 MP: 5/5
  2654 | D:2      | Reached XP level 6. HP: 52/52 MP: 6/6
  2726 | D:2      | Found a runed translucent door.
  2727 | D:2      | Noticed Crazy Yiuf
  2782 | D:2      | Killed Crazy Yiuf
  2962 | D:3      | Reached skill level 6 in Polearms
  3082 | D:3      | Found a stormy altar of Qazlal.
  3618 | D:4      | Found a sand-covered staircase.
  3626 | Ossuary  | Entered an ossuary
  3638 | Ossuary  | Slain by a mummy

Illustrated notes

Levels and vault maps discovered:
D:1:      heliophobic_arrival_battle_scene, layout_basic,
          ebering_ecumenical_altar_hall
D:2:      layout_loops_corners, uniq_crazy_yiuf_cottage, uniq_sigmund
D:3:      layout_rooms, grunt_qazlal_clouds, minmay_crystal_water, minivault_5
D:4:      layout_loops_ring, gup_ossuary_entry_pyramid, uniq_ijyb
Ossuary:  ossuary_minmay_chase

Skill      XL: |  1  2  3  4  5  6 |
---------------+-------------------+-----
Polearms       | 1 2 5 6 |  6.2
Fighting       | |  2.1
Bows           | |  3.6
Dodging        | |  1.5
Stealth        | |  1.5

Action                   |  1- 3 |  4- 6 || total
-------------------------+-------+-------++-------
Melee: Spear             |    67 |       ||    67
       Short sword       |     3 |       ||     3
       Punch             |     1 |       ||     1
       Scythe            |       |    86 ||    86
 Fire: Shortbow          |    15 |     5 ||    20
Invok: Lunge             |     1 |       ||     1
       Whirlwind         |       |     1 ||     1
 Abil: Spit Poison       |     1 |       ||     1
  Use: Scroll            |     3 |     1 ||     4
       Potion            |     2 |     3 ||     5
 Stab: Sleeping          |     2 |     4 ||     6
Armor: Leather armour    |     7 |    48 ||    55
Dodge: Dodged            |    22 |    52 ||    74
